 Dungeon Crawl Stone Soup version 0.29.1-1-gd02db6906a (webtiles) character file.

Game seed: 9657355680753306385

206 EvilAshe the Slasher (level 6, 0/41 (47) HPs)
             Began as a Human Fighter on Sept 26, 2022.
             Slain by an orc
             ... wielding a +0 hand axe
              (4 damage)
             ... on level 4 of the Dungeon.
             The game lasted 00:08:37 (4297 turns).

EvilAshe the Slasher (Human Fighter)                Turns: 4297, Time: 00:08:37

HP:   0/41 (47)     AC:  6    Str: 19    XL:     6   Next: 10%
MP:   6/6           EV:  9    Int: 14    God:
Gold: 173           SH:  4    Dex: 12    Spells: 5/5 levels left

rFire   . . .      SeeInvis .   a - +0 long sword
rCold   . . .      Faith    .   c - +0 buckler
rNeg    . . .      Spirit   .   b - +0 scale mail
rPois   .          Reflect  .   (no helmet)
rElec   .          Harm     .   (no cloak)
rCorr   .          Rampage  .   (no gloves)
Will    .....                   (no boots)
Stlth   ..........              (no amulet)
HPRegen 0.13/turn               i - +6 ring of intelligence
MPRegen 0.10/turn               (no ring)

@: hasted, heavily drained, very quick
A: no striking features
a: no special abilities


You were on level 4 of the Dungeon.
You visited 1 branch of the dungeon, and saw 4 of its levels.

You collected 173 gold pieces.

Inventory:

Hand Weapons
 a - a +0 long sword (weapon)
 y - the +2 falchion of the Trees {vorpal, rCorr}
   (You found it on level 4 of the Dungeon)

   It inflicts extra damage upon your enemies.
   rCorr:     It protects you from acid and corrosion.
Missiles
 k - 26 stones (quivered)
Armour
 b - a +0 scale mail (worn)
 c - a +0 buckler (worn)
Jewellery
 i - a +6 ring of intelligence (left hand)
 u - a ring of magical power
Wands
 t - a wand of charming (8)
Scrolls
 e - 2 scrolls of poison
 g - 2 scrolls of vulnerability
 h - a scroll of identify
 j - a scroll of torment {unknown}
 q - a scroll of immolation {unknown}
 r - a scroll of summoning
 v - a scroll of brand weapon {unknown}
 w - a scroll of amnesia {unknown}
 x - a scroll of enchant armour {unknown}
Potions
 d - a potion of might
 l - 3 potions of curing
 n - a potion of heal wounds {unknown}
 o - a potion of flight {unknown}
 p - a potion of invisibility {unknown}
 s - a potion of degeneration {unknown}


   Skills:
 - Level 3.0 Fighting
 * Level 5.9 Long Blades
 - Level 3.0 Armour
 - Level 3.0 Shields


You had 5 spell levels left.
You didn't know any spells.
Your spell library contained the following spells:

 Spells                   Type           Power      Damage    Failure   Level
 Ignite Poison            Fire/Tmut/Pois 0%         N/A       98%         3
 Mephitic Cloud           Conj/Pois/Air  0%         N/A       98%         3
 Tukima's Dance           Hex            0%         N/A       98%         3
 Passage of Golubria      Tloc           0%         N/A       100%        4
 Freezing Cloud           Conj/Ice/Air   0%         6-21      100%        5
 Yara's Violent Unravell  Hex/Tmut       0%         3d3       100%        5


Dungeon Overview and Level Annotations

Branches:
Dungeon (4/15)
 Temple: D:4-7

Altars:

Annotations:
D:3 Eustachio


Message History

An orc priest comes into view. It is wielding a +0 short sword.
The orc hits you with a +0 dagger.
You barely miss the orc.
An orc comes into view. It is wielding a +0 hand axe.
You block the orc's attack.
The orc priest calls down the wrath of Beogh upon you.
Beogh smites you!
The orc shouts!
The orc attacks as you move away! You block the orc's attack.
You hear the rapid hiss of a very distant avalanche of sand.
A quokka comes into view.
You closely miss the orc priest. The orc hits you with a +0 dagger.
The orc priest closely misses you.
You feel yourself speed up. The orc barely misses you.
The orc priest mumbles some strange prayers to Beogh against you.
Beogh smites you!
* * * LOW HITPOINT WARNING * * *
You block the orc's attack.
You barely miss the orc priest. The orc closely misses you.
The orc priest hits you but does no damage.
You block the orc's attack.
You slash the orc priest!
The orc priest is severely wounded.
The orc barely misses you.
You hit the orc priest but do no damage.
The orc priest is severely wounded.
The orc hits you with a +0 hand axe.
* * * LOW HITPOINT WARNING * * *
You block the orc priest's attack.
You hit the orc priest.
The orc priest is almost dead.
The orc hits you but does no damage.
The orc priest calls down the wrath of Beogh upon you.
Beogh smites you!
* * * LOW HITPOINT WARNING * * *
You block the orc's attack.
You slash the orc priest!
You kill the orc priest!
The orc hits you but does no damage. The orc hits you with a +0 hand axe.
You die...

####......†..###.
#.........#..##
...##....>#....# .
##........#.##[# ..
####.....#.##.# ...
#.......##.# ....
#......###.# .$...
####.......##w.....
#.....###..o@or.#
..##### #..)###...##
#..w)## ... ##.#..##
... #####..#..#...
#######...........#
.
.....~~.~~.....#..#
..#
##.~~≈≈#~~.......#..
...
#≈≈~≈≈≈≈~≈≈~........


You could see 2 dart slugs, 2 orcs and a quokka.

Vanquished Creatures
  A hound (D:3)
  An orc priest (D:4)
  6 adders
  3 gnolls (D:3)
  A worm (D:2)
  3 dart slugs (D:4)
  An orc (D:3)
  5 ball pythons
  9 endoplasms
  4 giant cockroaches
  9 hobgoblins
  4 jackals
  7 kobolds
  6 quokkas
  3 bats (D:3)
  6 frilled lizards
  6 goblins
  7 rats
82 creatures vanquished.

Notes
Turn   | Place    | Note
-------+----------+-------------------------------------------
     0 | D:1      | EvilAshe the Human Fighter began the quest for the Orb.
     0 | D:1      | Reached XP level 1. HP: 18/18 MP: 1/1
    51 | D:1      | You fall into a shaft and drop 1 floor!
   102 | D:1      | Reached XP level 2. HP: 23/24 MP: 2/2
   243 | D:1      | Found a faded altar of an unknown god.
   268 | D:1      | Reached skill level 3 in Long Blades
   306 | D:1      | Reached XP level 3. HP: 18/29 MP: 3/3
  1212 | D:2      | Reached skill level 4 in Long Blades
  1212 | D:2      | Reached XP level 4. HP: 27/35 MP: 4/4
  2927 | D:3      | Reached XP level 5. HP: 33/41 MP: 5/5
  2957 | D:3      | Reached skill level 5 in Long Blades
  3472 | D:3      | Reached XP level 6. HP: 47/47 MP: 6/6
  3538 | D:4      | Identified the +2 falchion of the Trees {vorpal, rCorr}
  3642 | D:4      | Noticed Eustachio
  3709 | D:3      | HP: 2/41 [river rat[Eustachio] (7)]
  4297 | D:4      | Slain by an orc

Illustrated notes

Levels and vault maps discovered:
D:1:      tarquinn_simple_flora_water_c, layout_rooms,
          hellmonk_ecumenical_altar_prayer_group, minmay_tetromino_s2
D:2:      layout_basic, bh_walls_and_bars
D:3:      layout_loops_ring, minmay_ruptured
D:4:      kennysheep_slugbush, layout_rooms,
          nicolae_ossuary_entry_false_entrances, uniq_eustachio

Skill      XL: |  1  2  3  4  5 |
---------------+----------------+-----
Long Blades    | 3 4 5 |  5.9
Fighting       | |  3.0
Armour         | |  3.0
Shields        | |  3.0

Action                   |  1- 3 |  4- 6 || total
-------------------------+-------+-------++-------
Melee: Long sword        |    93 |   212 ||   305
  Use: Potion            |       |     3 ||     3
       Scroll            |       |     5 ||     5
Armor: Scale mail        |    27 |   111 ||   138
Dodge: Dodged            |    27 |   111 ||   138
Block: Buckler           |    13 |    58 ||    71
